 Dungeon Crawl Stone Soup version 0.29.1-1-gd02db6906a (webtiles) character file.

Game seed: 10999150699544391377

52699 croobank the Summoner (level 14, -8/101 HPs)
             Began as an Octopode Summoner on Oct 3, 2022.
             Was an Initiate of Gozag.
             Mangled by a catoblepas (27 damage)
             ... on level 5 of the Lair of Beasts.
             The game lasted 02:01:20 (26881 turns).

croobank the Summoner (Octopode Summoner)          Turns: 26881, Time: 02:01:21

Health: -8/101     AC:  6    Str: 13    XL:     14   Next: 65%
Magic:  28/28      EV: 19    Int: 22    God:    Gozag
Gold:   3939       SH:  0    Dex: 16    Spells: 15/33 levels left

rFire   + + +      SeeInvis +   F - +3 Elemental Staff {rElec rF++ rC++ AC+5}
rCold   + + +      Faith    .   (no shield)
rNeg    + + +      Spirit   .   (helmet restricted)
rPois   +          Reflect  .   O - amulet of magic regeneration
rElec   +          Harm     .   x - ring "Vaduvoghea" {Contam rF+ rN+++ SInv Stlth-}
rCorr   .          Rampage  .   P - +6 ring of strength
Will    +....                   M - ring "Ziocunwa" {rPois Dex+3}
Stlth   ++........              T - ring of protection from cold
HPRegen 0.26/turn               (no ring)
MPRegen 0.61/turn               (no ring)
                                (no ring)
                                (no ring)

@: invisible
A: almost no armour, amphibious, 8 rings, camouflage 1, gelatinous body 1,
(nimble swimmer 1), tentacles
a: Renounce Religion, Potion Petition, Call Merchant, Bribe Branch


You were on level 5 of the Lair of Beasts.
You worshipped Gozag.
Gozag was most pleased with you.
You visited 3 branches of the dungeon, and saw 18 of its levels.
You also visited: Ossuary and Bailey.

You collected 4946 gold pieces.
You paid 1007 gold pieces to Gozag.

Inventory:

Hand Weapons
 a - a +1 scimitar of draining
 e - a +2 short sword of holy wrath
 j - a +2 short sword of electrocution
 q - the +5 mace of Capital Punishment {speed, rN+}
   (You found it on level 2 of the Dungeon)

   Attacks with this weapon are significantly faster.
   rN:        It protects you from negative energy.
 r - a +0 sling
 s - a +0 short sword of venom
 C - a +4 flail
 F - the +3 Elemental Staff (weapon) {rElec rF++ rC++ AC+5}
   (You acquired it in a bailey)

   If the wielder is skilled in Evocations, they can discharge powerful blasts
   of elemental energy when striking with it.
   It enhances your fire, ice, earth and air magic.
   AC:        It affects your AC (+5).
   rF:        It greatly protects you from fire.
   rC:        It greatly protects you from cold.
   rElec:     It insulates you from electricity.
 G - a +5 glaive of venom
Armour
 c - a +0 kite shield
 V - an orb of wrath
Magical Staves
 l - a staff of cold
Jewellery
 x - the ring "Vaduvoghea" (left tentacle) {Contam rF+ rN+++ SInv Stlth-}
   (You found it on level 6 of the Dungeon)

   [ring of see invisible]

   rF:        It protects you from fire.
   rN:        It renders you almost immune to negative energy.
   SInv:      It lets you see invisible.
   Contam:    It causes magical contamination when unequipped.
   Stlth:     It makes you less stealthy.
 M - the ring "Ziocunwa" (on tentacle) {rPois Dex+3}
   (You found it on level 1 of the Lair of Beasts)

   [ring of poison resistance]

   Dex:       It affects your dexterity (+3).
   rPois:     It protects you from poison.
 N - an amulet of reflection
 O - an amulet of magic regeneration (around mantle)
 P - a +6 ring of strength (right tentacle)
 T - a ring of protection from cold (on tentacle)
Wands
 g - a wand of digging (9)
 p - a wand of paralysis (14)
 D - a wand of flame (32)
 K - a wand of roots (1)
Scrolls
 b - 2 scrolls of enchant armour
 h - 8 scrolls of teleportation
 k - 3 scrolls of amnesia
 u - 4 scrolls of enchant weapon
 v - 6 scrolls of immolation
 w - 2 scrolls of silence
 y - 2 scrolls of poison
 B - 5 scrolls of fog
 I - a scroll of fear
 J - a scroll of acquirement
 L - 4 scrolls of magic mapping
 Q - 6 scrolls of identify
 S - a scroll of vulnerability {unknown}
Potions
 d - a potion of magic
 f - 8 potions of flight
 i - 9 potions of curing
 m - 5 potions of brilliance
 t - 6 potions of berserk rage
 z - 4 potions of might
 E - 2 potions of lignification
 H - a potion of resistance
 R - a potion of ambrosia {unknown}
Miscellaneous
 U - a lightning rod (4/4)


   Skills:
 + Level 11.3 Fighting
 - Level 5.0 Staves
 + Level 11.4 Dodging
 - Level 2.8 Stealth
 - Level 10.0 Spellcasting
 - Level 5.0 Hexes
 + Level 11.7 Summonings
 - Level 7.8 Translocations
 + Level 3.1 Fire Magic
 - Level 7.0 Air Magic


You had 15 spell levels left.
You knew the following spells:

 Your Spells              Type           Power      Damage    Failure   Level
a - Summon Small Mammal   Summ           100%       N/A       1%          1
b - Call Imp              Summ           58%        N/A       1%          2
c - Call Canine Familiar  Summ           58%        N/A       1%          3
d - Summon Guardian Gole  Hex/Summ       47%        N/A       1%          3
e - Summon Lightning Spi  Summ/Air       68%        N/A       1%          4
f - Apportation           Tloc           90%        N/A       1%          1
g - Inner Flame           Hex/Fire       43%        N/A       3%          3
h - Foxfire               Conj/Fire      100%       2x1d9     3%          1

Your spell library contained the following spells:

 Spells                   Type           Power      Damage    Failure   Level
 Portal Projectile        Hex/Tloc       78%        N/A       1%          3
 Dazzling Flash           Conj/Hex       44%        N/A       6%          3
 Sublimation of Blood     Necr           11%        N/A       9%          2
 Conjure Flame            Conj/Fire      26%        6-21      10%         3
 Silence                  Hex/Air        27%        N/A       14%         5
 Leda's Liquefaction      Hex/Erth       16%        N/A       22%         4
 Flame Wave               Conj/Fire      26%        2d8       30%         4
 Petrify                  Tmut/Erth      16%        N/A       52%         4
 Fireball                 Conj/Fire      13%        3d7       65%         5
 Agony                    Necr           11%        N/A       86%         5
 Alistair's Intoxication  Tmut/Pois      7%         N/A       86%         5
 Blade Hands              Tmut           5%         N/A       86%         5
 Irradiate                Conj/Tmut      5%         3d13      86%         5
 Iskenderun's Battlesphe  Conj           11%        2d7       86%         5
 Conjure Ball Lightning   Conj/Air       19%        3x3d6     91%         6
 Spellforged Servitor     Conj/Summ      18%        N/A       99%         7
 Iron Shot                Conj/Erth      8%         9d3       100%        6
 Orb of Destruction       Conj           5%         9d5       100%        7
 Animate Armour           Summ/Erth      Unusable   N/A       N/A         4

Dungeon Overview and Level Annotations

Branches:
Dungeon (12/15)            Temple (1/1) D:4            Lair (5/5) D:11
  Swamp (0/4) Lair:3       Spider (0/4) Lair:2        Slime (0/5) Lair:4
    Orc (0/2) D:12        Ossuary (visited)          Bailey (visited)

Altars:
Ashenzari
Cheibriados
Dithmenos
Elyvilon
Fedhas
Gozag
Hepliaklqana
Kikubaaqudgha
Makhleb
Nemelex Xobeh
Okawaru
Qazlal
Ru
Sif Muna
Uskayaw
Vehumet
Wu Jian
Yredelemnul
Zin
The Shining One
Jiyva

Annotations:
D:5 2 transporters, RogueRain17's ghost, novice DsHu


Innate Abilities, Weirdness & Mutations

You cannot wear most types of armour.
You are amphibious.
You can wear up to eight rings at the same time.
Your skin changes colour to match your surroundings (Stealth+).
Your rubbery body absorbs attacks. (AC +1, EV +1)
((You are camouflaged when in or above water. (Stealth+)))
You have tentacles for arms and can constrict up to eight enemies at once.


Message History

Casting: Summon Lightning Spire (mildly dangerous; 1% risk of failure)
Confirm with . or Enter, or press ? or * to list all spells.
A guardian golem appears, shielding your allies.
Your guardian golem disappears in a puff of smoke!
The catoblepas breathes a plume of calcifying dust at you.
The blast of calcifying dust hits you.
You swap places.
The catoblepas gores you.
Your guardian golem is engulfed in calcifying dust.
Your guardian golem is moving more slowly.
Your guardian golem is engulfed in calcifying dust.
Your guardian golem stops moving altogether!
The catoblepas attacks as you move away!
The catoblepas gores you!!
Your guardian golem is engulfed in calcifying dust.
Your guardian golem is engulfed in calcifying dust.
Your lightning spire shoots out a bolt of lightning at the catoblepas!
The bolt of electricity hits your guardian golem.
Your guardian golem resists.
The bolt of electricity hits the catoblepas!!
The catoblepas attacks as you move away!
The catoblepas barely misses you.
The catoblepas attacks as you move away!
The catoblepas gores you!!
Your lightning spire shoots out a bolt of lightning at the catoblepas!
The bolt of electricity hits the catoblepas!
The catoblepas attacks as you move away!
The catoblepas gores you!!
* * * LOW HITPOINT WARNING * * *
You feel much better. The catoblepas gores you!
* * * LOW HITPOINT WARNING * * *
The catoblepas attacks as you move away!
The catoblepas gores you.
* * * LOW HITPOINT WARNING * * *
Okay, then.
You fade into invisibility!
The catoblepas completely misses you.
As you read the scroll of summoning, it crumbles to dust.
Wisps of shadow whirl around you... The catoblepas gores you!!
You die...
Your body crumbles into a pile of gold.

.# #............# #..............
.# ##...........####.............
.#####...........####............
###.#............P# #............
# ##..............# #............
#...........#### #............
##........########............
#.......##..#P#...#..........
###.....##Yk@Y...#........... ##
#....##.YYY#.#...##........ .####
#######.Y..F.....##......##
.#P.## #.....Y#.....#......P#
.....#### #....###.....##.....P#
P.....P.# ##..#####.....###..#..#
.......P# #.......#....P# ####..#
........###..9#...####.## ###.
.........##.......###### #.


You could see a catoblepas (unable to see you, ally target), 6 friendly
elephants, a friendly guardian golem (summoned), a friendly cane toad (summoned)
and a friendly rime drake (summoned).

Vanquished Creatures
  An elephant (Lair:4)
  A cane toad (Lair:4)
  2 unseen horrors
  2 blink frogs (Lair:3)
  6 yaks
  2 vampire mosquitoes (D:12)
  An acid dragon (D:12)
  2 water moccasins
  A sky beast (D:8)
  An elf zombie (D:7)
  A kobold brigand (D:7)
  4 bullfrogs
  A scorpion (D:6)
  7 electric eels
  A centaur zombie (Ossuary)
  An orc priest (D:9)
  An iguana (D:6)
  2 orc wizards
  A human skeleton (D:7)
  3 adders
  A white imp (D:7)
  A worm (D:2)
  2 dart slugs (D:6)
  8 orcs
  A ball python (D:2)
  3 endoplasms
  2 giant cockroaches
  5 goblins
  5 hobgoblins
  2 jackals (D:3)
  4 kobolds
  2 quokkas
  2 bats
  2 hobgoblin zombies (Ossuary)
  A jackal zombie (Ossuary)
  3 orc skeletons (D:7)
  2 rats (D:1)
  A rat zombie (Ossuary)
  2 bushes (D:8)
90 creatures vanquished.

Vanquished Creatures (collateral kills)
  5 hydras
  2 boulder beetles
  2 two-headed ogres
  An ogre mage (D:12)
  A centaur warrior (D:8)
  4 death yaks
  Urug (Lair:5)
  Nergalle (Lair:2)
  An orb spider (Lair:2)
  A lindwurm (Lair:5)
  3 manticores
  An ugly thing (D:8)
  3 elephants
  Maggie (D:7)
  3 cane toads
  5 rime drakes
  2 kobold demonologists (Bailey)
  5 komodo dragons
  A polar bear (Lair:2)
  A troll (D:9)
  A hornet (D:8)
  7 dream sheep (Lair:5)
  5 blink frogs (Lair:3)
  2 shadows
  3 wyverns
  28 yaks
  Sigmund (D:6)
  A redback (D:12)
  4 steam dragons
  3 basilisks
  3 vampire mosquitoes (D:12)
  2 acid dragons
  6 water moccasins
  9 orc warriors
  A sky beast (D:8)
  2 black bears (D:11)
  2 ogres
  An ice beast (D:5)
  A centaur (D:12)
  4 wolves
  7 bullfrogs
  A scorpion (D:7)
  3 wights (D:8)
  2 killer bees (D:8)
  2 howler monkeys
  A crimson imp (D:9)
  2 human zombies
  3 jellies (D:6)
  2 orc priests
  2 gnoll boudas
  An iguana (D:4)
  An orc wizard (D:7)
  A hell rat (Lair:5)
  12 gnolls
  6 adders
  A shadow imp (D:7)
  An ufetubus (D:7)
  A worm (D:3)
  10 dart slugs
  18 orcs
  5 endoplasms
  4 giant cockroaches
  13 goblins
  5 hobgoblins
  2 jackals (D:3)
  7 kobolds
  3 quokkas
  7 ball pythons
  6 bats
  4 frilled lizards
  7 hobgoblin zombies (Ossuary)
  A jackal zombie (Ossuary)
  10 kobold zombies (Ossuary)
  5 orc zombies (Ossuary)
  7 rats
  A butterfly (Lair:3)
294 creatures vanquished.

Vanquished Creatures (others)
  Snorg (Lair:4)
  5 hydras
  2 death yaks
  A two-headed ogre (D:12)
  5 cyclopes
  3 elephants (Lair:4)
  A gargoyle (D:11)
  4 black mambas
  Joseph (D:7)
  4 cane toads
  4 komodo dragons
  6 trolls
  A wyvern (D:10)
  A shadow (D:11)
  13 yaks
  3 vampire mosquitoes
  A steam dragon (D:7)
  A water moccasin (Lair:2)
  4 orc warriors
  An ice beast (D:6)
  A wolf (Lair:2)
  5 centaurs
  A bullfrog (Lair:2)
  3 wights (D:8)
  A killer bee (D:8)
  3 howler monkeys
  2 human zombies (Ossuary)
  An orc priest (D:7)
  A gnoll bouda (D:8)
  An iguana (D:7)
  2 mummies (Ossuary)
  6 gnolls
  2 adder zombies (Ossuary)
  2 orcs (D:9)
  A goblin (Bailey)
  A hobgoblin (Bailey)
  A hobgoblin zombie (Ossuary)
  A kobold zombie (Ossuary)
  A rat zombie (Ossuary)
  A butterfly (D:8)
  44 foxfires
  25 fungi
  32 plants
200 creatures vanquished.

Grand Total: 584 creatures vanquished

Notes
Turn   | Place    | Note
-------+----------+-------------------------------------------
     0 | D:1      | croobank the Octopode Summoner began the quest for the Orb.
     0 | D:1      | Reached XP level 1. HP: 11/11 MP: 3/3
   115 | D:1      | Reached XP level 2. HP: 17/17 MP: 3/5
   118 | D:1      | Learned a level 2 spell: Call Imp
   235 | D:1      | Found a faded altar of an unknown god.
   657 | D:1      | Reached skill level 1 in Fighting
   657 | D:1      | Reached XP level 3. HP: 23/23 MP: 2/6
   661 | D:1      | Learned a level 3 spell: Call Canine Familiar
  1800 | D:2      | Found a hide-covered altar of Uskayaw.
  1820 | D:2      | Reached XP level 4. HP: 24/28 MP: 4/7
  2140 | D:2      | Identified the +5 mace of Capital Punishment {speed, rN+}
  2290 | D:3      | Found an ornate altar of the Wu Jian Council.
  2603 | D:3      | Found a blossoming altar of Fedhas.
  3075 | D:3      | Reached XP level 5. HP: 34/34 MP: 2/9
  3079 | D:3      | Learned a level 3 spell: Summon Guardian Golem
  3138 | D:3      | Found a glowing golden altar of the Shining One.
  3194 | D:3      | Found a hazy altar of Hepliaklqana.
  3848 | D:4      | Found a broken altar of Ashenzari.
  4007 | D:4      | Found a staircase to the Ecumenical Temple.
  4019 | Temple   | Entered the Ecumenical Temple
  4075 | D:4      | You fall into a shaft and drop 2 floors!
  4191 | D:6      | Reached skill level 5 in Summonings
  4191 | D:6      | Reached XP level 6. HP: 41/41 MP: 0/10
  4385 | D:5      | Entered Level 5 of the Dungeon
  4454 | D:5      | Found a stormy altar of Qazlal.
  4555 | D:5      | Noticed an ice beast
  4566 | D:5      | Killed an ice beast
  4729 | D:5      | Found a transporter.
  4731 | D:5      | Noticed RogueRain17's ghost (novice DsHu)
  4736 | D:5      | Found a transporter.
  4766 | D:5      | Reached XP level 7. HP: 46/46 MP: 5/12
  4771 | D:5      | Learned a level 4 spell: Summon Lightning Spire
  5062 | D:6      | Reached skill level 1 in Hexes
  5270 | D:6      | Identified the ring "Vaduvoghea" {Contam rF+ rN+++ SInv
                  | Stlth-}
  5282 | D:6      | Reached skill level 1 in Air Magic
  5407 | D:6      | Reached XP level 8. HP: 24/54 MP: 7/14
  5408 | D:6      | Noticed Sigmund
  5421 | D:6      | Killed Sigmund
  5652 | D:6      | Learned a level 1 spell: Apportation
  6321 | D:7      | Found a sacrificial altar of Ru.
  6343 | D:7      | Found a sand-covered staircase.
  6357 | Ossuary  | Entered an ossuary
  6939 | Ossuary  | Reached skill level 5 in Dodging
  8177 | D:7      | Reached XP level 9. HP: 38/60 MP: 7/16
  8205 | D:7      | Reached skill level 1 in Translocations
  8211 | D:7      | Noticed Maggie
  8234 | D:7      | Killed Maggie
  8235 | D:7      | Reached skill level 5 in Fighting
  8235 | D:7      | Reached skill level 5 in Spellcasting
  8895 | D:7      | Found an opulent altar of Gozag.
  9101 | D:7      | Became a worshipper of Gozag Ym Sagoz the Greedy
  9503 | D:7      | Noticed Joseph
  9532 | D:7      | Killed Joseph
  9826 | D:8      | Found a white marble altar of Elyvilon.
 10480 | D:8      | Found a flagged portal.
 10486 | Bailey   | Entered a bailey
 10530 | Bailey   | Acquired the +3 Elemental Staff {rElec rF++ rC++ AC+5}
 10530 | Bailey   | Found the +3 Elemental Staff {rElec rF++ rC++ AC+5}
 10576 | Bailey   | Noticed a kobold demonologist
 10616 | Bailey   | Noticed a soul eater
 10617 | Bailey   | Killed a kobold demonologist
 10618 | Bailey   | Reached XP level 10. HP: 68/68 MP: 2/18
 11280 | Bailey   | Found an iron altar of Okawaru.
 11280 | Bailey   | Noticed a kobold demonologist
 11303 | Bailey   | Noticed a rust devil
 11315 | Bailey   | Killed a kobold demonologist
 11893 | D:8      | Paralysed by a hornet for 1 turns
 11896 | D:8      | Reached skill level 5 in Hexes
 11979 | D:8      | Reached skill level 5 in Air Magic
 12260 | D:8      | Noticed a cyclops
 12277 | D:8      | Noticed a cyclops
 12278 | D:8      | Noticed a two-headed ogre
 12279 | D:8      | Noticed a centaur warrior
 12290 | D:8      | Killed a cyclops
 12293 | D:8      | Killed a centaur warrior
 12294 | D:8      | Reached XP level 11. HP: 74/74 MP: 4/20
 12296 | D:8      | Killed a two-headed ogre
 12311 | D:8      | Killed a cyclops
 12545 | D:8      | Noticed a boulder beetle
 12570 | D:8      | Noticed a green ugly thing
 12573 | D:8      | Noticed a manticore
 12583 | D:8      | Killed a manticore
 12584 | D:8      | Reached skill level 5 in Translocations
 12586 | D:8      | Killed a green ugly thing
 12622 | D:8      | Killed a boulder beetle
 12778 | D:8      | Learned a level 3 spell: Inner Flame
 13108 | D:8      | Found a shadowy altar of Dithmenos.
 13455 | D:9      | Noticed a two-headed ogre
 13466 | D:9      | Killed a two-headed ogre
 13831 | D:10     | Entered Level 10 of the Dungeon
 14675 | D:9      | Found a radiant altar of Vehumet.
 14695 | D:9      | Found a burning altar of Makhleb.
 14737 | D:9      | Reached XP level 12. HP: 67/82 MP: 23/23
 16595 | D:11     | Found a staircase to the Lair.
 18262 | D:12     | Found a staircase to the Orcish Mines.
 18330 | D:12     | Noticed a two-headed ogre
 18335 | D:12     | Noticed a two-headed ogre
 18456 | D:12     | Noticed a two-headed ogre
 18469 | D:12     | Killed a two-headed ogre
 18509 | D:12     | Noticed an eight-headed hydra
 18532 | D:12     | Killed an eight-headed hydra
 18539 | D:12     | Noticed a seven-headed hydra
 18540 | D:12     | Reached skill level 10 in Summonings
 18548 | D:12     | Killed a seven-headed hydra
 18592 | D:12     | Noticed an ogre mage
 18611 | D:12     | Killed an ogre mage
 18612 | D:12     | Reached XP level 13. HP: 56/90 MP: 23/25
 19367 | Lair:1   | Entered Level 1 of the Lair of Beasts
 19498 | Lair:1   | Identified the ring "Ziocunwa" {rPois Dex+3}
 19595 | Lair:1   | Reached skill level 1 in Staves
 20223 | Lair:2   | Found a hole to the Spider Nest.
 20849 | Lair:2   | Noticed Nergalle
 20866 | Lair:2   | Killed Nergalle
 21152 | Lair:3   | Reached skill level 10 in Dodging
 21749 | Lair:3   | Found a staircase to the Swamp.
 21860 | Lair:3   | Reached skill level 10 in Fighting
 22451 | Lair:4   | Found a viscous altar of Jiyva.
 22451 | Lair:4   | Found a staircase to the Slime Pits.
 22833 | Lair:4   | Noticed Snorg
 22846 | Lair:4   | Killed Snorg
 22949 | Lair:4   | Reached XP level 14. HP: 99/99 MP: 22/27
 23151 | Lair:4   | Learned a level 1 spell: Foxfire
 23402 | Lair:5   | Entered Level 5 of the Lair of Beasts
 23937 | Lair:5   | Reached skill level 10 in Spellcasting
 24183 | Lair:5   | Reached skill level 5 in Staves
 24190 | Lair:5   | Noticed Urug
 24201 | Lair:5   | Killed Urug
 24597 | Lair:5   | Reached skill level 1 in Fire Magic
 24781 | Lair:5   | HP: 2/99 [eight-headed hydra (4)]
 26881 | Lair:5   | Mangled by a catoblepas

Illustrated notes

Levels and vault maps discovered:
D:1:      saegor_arrival_simple_a, layout_loops_ring,
          nicolae_ecumenical_snake_handling
D:2:      layout_rooms, basic_altar
D:3:      layout_loops_ring, overflow_temple_1_default, lemuel_crystal_altar,
          mainiacjoe_overflow_catwalk_spiral
D:4:      layout_cave_pools, lemuel_crystal_altar,
          gammafunk_temple_overflow_statue, minmay_temple_entry_sparse_star
D:5:      layout_rooms, nicolae_qazlal_general_emergency,
          gammafunk_ghost_mausoleum
D:6:      kennysheep_slugbush, layout_cave_pools, uniq_sigmund
D:7:      layout_layer_cave, mainiacjoe_overflow_concentric_impassable,
          nicolae_ru_awakened_eye, nicolae_ossuary_entry_catacombs,
          serial_bayou_pond_c, uniq_joseph, uniq_maggie
D:8:      layout_basic, nicolae_dithmenos_the_darkroom,
          nicolae_elyvilon_peaceful_grove, enter_bailey_3, minmay_the_grid_2x2
          [minmay_the_grid_mess, minmay_the_grid_dragon_a,
          minmay_the_grid_dragon_b, minmay_the_grid_prize_four_corners]
D:9:      layout_rooms, grunt_temple_overflow_lords_of_destruction
D:10:     layout_roguey, moated_statue
D:11:     layout_grid_maze, grunt_lair_entry_orc_guard_hut
D:12:     minmay_imperfect_grid, layout_irregular_city, serial_shops,
          nicolae_lakefront_shop, uniq_fannar
Temple:   hellmonk_temple_micro_hex
Lair:1:   layout_hall_layers, serial_bayou_pond_d, lemuel_fruit_tree,
          grunt_megastairs_4
Lair:2:   layout_misc_corridors, nicolae_spider_entry_orb_guardian,
          grunt_megastairs_1, uniq_nergalle
Lair:3:   layout_concentric_octagons, swamp_mist, beast_lair_carwin_11,
          lemuel_fruit_fields
Lair:4:   layout_gridlike, slime_entry_1, chequers_serial_rivers_small_3,
          uniq_snorg
Lair:5:   hangedman_lair_in_review, layout_cave_pods, uniq_urug

Skill      XL: |  1  2  3  4  5  6  7  8  9 10 11 12 13 14 |
---------------+-------------------------------------------+-----
Fighting       | 1 2 3 4 5 6 7 9 10 11 | 11.3
Dodging        | 3 4 5 6 7 8 9 10 11 | 11.4
Spellcasting   | 3 4 5 6 7 8 9 10 | 10.0
Summonings     | 5 6 7 8 9 10 11 | 11.7
Hexes          | 1 2 4 5 |  5.0
Air Magic      | 1 3 4 5 6 7 |  7.0
Translocations | 3 4 6 7 |  7.8
Staves         | 4 5 |  5.0
Fire Magic     | 3 |  3.1
Stealth        | |  2.8

Action                   |  1- 3 |  4- 6 |  7- 9 | 10-12 | 13-15 || total
-------------------------+-------+-------+-------+-------+-------++-------
Melee: Unarmed           |     8 |       |       |       |       ||     8
       Constrict         |     8 |     7 |    17 |    12 |     9 ||    53
       Tentacles         |     6 |     3 |    14 |    12 |    17 ||    52
       Short sword       |    15 |     4 |       |       |       ||    19
       Mace              |       |    36 |    63 |    56 |       ||   155
       Punch             |       |       |     3 |     1 |     1 ||     5
       Staff             |       |       |       |       |    49 ||    49
 Cast: Summon Small Mamm |    51 |    50 |    51 |    27 |    13 ||   192
       Call Imp          |    12 |    24 |    19 |     6 |     4 ||    65
       Call Canine Famil |       |     8 |    25 |    28 |    21 ||    82
       Summon Guardian G |       |     5 |    28 |    59 |    71 ||   163
       Apportation       |       |       |     8 |    15 |       ||    23
       Summon Lightning  |       |       |     4 |    61 |    68 ||   133
       Inner Flame       |       |       |       |     3 |       ||     3
       Foxfire           |       |       |       |       |    25 ||    25
Invok: Potion Petition   |       |       |       |       |     2 ||     2
Evoke: Wand              |       |       |    11 |    13 |     5 ||    29
  Use: Scroll            |       |    11 |     9 |     6 |     6 ||    32
       Potion            |       |       |     5 |     3 |     7 ||    15
 Stab: Sleeping          |     1 |     2 |     2 |       |       ||     5
       Distracted        |       |       |     1 |     2 |     2 ||     5
       Paralysed         |       |       |     1 |       |       ||     1
Armor: Skin              |     4 |     1 |     3 |     5 |    37 ||    50
Dodge: Dodged            |    21 |    27 |    90 |    99 |   149 ||   386
